 Dungeon Crawl Stone Soup version 0.30.0-29-ga12c61a403 (webtiles) character file.

Game seed: 14070016452312273398

4 booth the Conjurer (level 1, -6/16 HPs)
             Began as a Demonspawn Reaver on June 18, 2023.
             Mangled by a gnoll
             ... wielding a +0 flail
              (13 damage)
             ... on level 1 of the Dungeon.
             The game lasted 00:01:19 (209 turns).

booth the Conjurer (Demonspawn Reaver)               Turns: 209, Time: 00:01:20

Health: -6/16      AC:  3    Str: 12    XL:     1   Next: 50%
Magic:  3/3        EV: 11    Int: 14    God:
Gold:   40         SH:  0    Dex: 11    Spells: 3/4 levels left

rFire   . . .        a - +0 hand axe
rCold   . . .        (no shield)
rNeg    . . .        b - +0 leather armour
rPois   .            (no helmet)
rElec   .            (no cloak)
rCorr   .            (no gloves)
SInv    .            (no boots)
Will    .....        (no amulet)
Stlth   +            (no ring)
HPRegen 0.22/turn    (no ring)
MPRegen 0.08/turn

%: no passive effects
@: no status effects
A: no striking features
a: no special abilities


You were on level 1 of the Dungeon.
You visited 1 branch of the dungeon, and saw 1 of its levels.

You collected 40 gold pieces.

Inventory:

Hand Weapons
 a - a +0 hand axe (weapon)
Missiles
 e - 6 poisoned darts
Armour
 b - a +0 leather armour (worn)
Scrolls
 f - a scroll of identify {unknown}
Potions
 c - a potion of curing {unknown}
 d - a potion of mutation {unknown}


   Skills:
 + Level 2.0 Fighting
 + Level 2.7 Axes
 + Level 1.8 Dodging
 + Level 2.0 Spellcasting
 + Level 3.0 Conjurations


You had 3 spell levels left.
You knew the following spells:

 Your Spells              Type           Power      Damage    Failure   Level
a - Kiss of Death         Conj/Necr      20%        2d7       16%         1

Your spell library contained the following spells:

 Spells                   Type           Power      Damage    Failure   Level
 Momentum Strike          Conj/Tloc      10%        3d8       24%         2
 Hailstorm                Conj/Ice       5%         3d4       43%         3


Dungeon Overview and Level Annotations

Branches:
Dungeon (1/15)

Altars:


Message History

f - a scroll labelled VEWKETI LORO You see here a ball python corpse.
Found a short sword.
You now have 40 gold pieces (gained 9).
You see here a +0 short sword.
A bat comes into view.
The bat barely misses you.
You closely miss the bat. The bat hits you. The bat closely misses you.
You hit the bat.
You kill the bat!
A frilled lizard comes into view.
Found 2 scrolls labelled LESABUA IN TUESCH.
The frilled lizard hisses angrily.
You hear a shout!
A gnoll comes into view. It is wielding a +0 flail.
The gnoll moves out of view.
You hit the frilled lizard.
The frilled lizard is heavily wounded.
The frilled lizard bites you but does no damage.
You barely miss the frilled lizard.
The frilled lizard is heavily wounded.
The frilled lizard barely misses you.
You barely miss the frilled lizard.
The frilled lizard is heavily wounded.
The frilled lizard barely misses you.
You barely miss the frilled lizard.
The frilled lizard is heavily wounded.
The frilled lizard bites you.
You closely miss the frilled lizard.
The frilled lizard is heavily wounded.
The frilled lizard bites you.
You closely miss the frilled lizard.
The frilled lizard is heavily wounded.
The frilled lizard barely misses you. The gnoll hits you with a +0 flail.
The frilled lizard bites you but does no damage.
You hit the gnoll.
The gnoll is lightly wounded.
You closely miss the frilled lizard. The frilled lizard bites you.
The gnoll hits you with a +0 flail!
Ouch! That really hurt!
You die...

.#................
.#......)..#...###.....
.#.........##.........#
##.........##.........#
.#..######.##.........#
.#..### #..#.........#
.#....#####...........
.#..#...## #...##..#####
.#.......###....@g.?...#
##..†.....##.##..l.....#
...........#.##.#####..#
...........#.##.# ..#
................# .
............##.##
............####
..........###
.........##


You could see a gnoll and a frilled lizard.

Vanquished Creatures
  A hobgoblin (D:1)
  2 ball pythons (D:1)
  2 bats (D:1)
5 creatures vanquished.

Notes
Turn   | Place    | Note
-------+----------+-------------------------------------------
     0 | D:1      | booth the Demonspawn Reaver began the quest for the Orb.
     0 | D:1      | Reached XP level 1. HP: 16/16 MP: 3/3
   209 | D:1      | Mangled by a gnoll

Illustrated notes

Levels and vault maps discovered:
D:1:      scummos_arrival_gate, layout_rooms, serial_glass, glass_columns_a,
          glass_columns_a, glass_columns_c, glass_columns_a, item_on_display_a,
          item_on_display_a

Action                     || total
---------------------------++-------
  Melee: Hand axe          ||    25
 Armour: Leather armour    ||    12
  Dodge: Dodged            ||    17
